 Dungeon Crawl Stone Soup version 0.28.0-43-g3370ac3207 (webtiles) character file.

Game seed: 496312281966558344

146772 nihil000 the Cryomancer (level 16, 0/90 HPs)
             Began as a Deep Elf Conjurer on Mar 5, 2022.
             Was a High Priest of Hepliaklqana.
             Shot with a bolt by Vashnia (8 damage)
             ... on level 2 of the Snake Pit on Mar 6, 2022.
             The game lasted 02:19:02 (83837 turns).

nihil000 the Cryomancer (Deep Elf Conjurer)        Turns: 83837, Time: 02:19:04

Health: 0/90       AC: 16    Str:  8    XL:     16   Next: 90%
Magic:  31/42      EV: 16    Int: 39    God:    Hepliaklqana [*****.]
Gold:   2377       SH:  5    Dex: 13    Spells: 32/56 levels left

rFire   + . .      SeeInvis .   P - +8 lance "Wyrmbane" {slay drac, rPois rF+ rC+ AC+3}
rCold   + + .      Faith    .   H - +0 buckler
rNeg    . . .      Spirit   .   s - +1 robe of Curiosity {rElec rC+ Int+2}
rPois   +          Reflect  .   n - +1 hat {Int+3}
rElec   +          Harm     .   y - +2 cloak
rCorr   .          Rampage  .   v - +0 pair of gloves
Will    +....                   i - +0 pair of boots
Stlth   ++........              (no amulet)
HPRegen 0.25/turn               S - +6 ring of intelligence
MPRegen 0.28/turn               x - +4 ring of protection

@: no status effects
A: reduced essence
a: Renounce Religion, Recall Ancestor, Ancestor Identity, Transference, Idealise


You were on level 2 of the Snake Pit.
You worshipped Hepliaklqana.
Hepliaklqana was extremely pleased with you.
You visited 6 branches of the dungeon, and saw 28 of its levels.

You collected 3035 gold pieces.
You spent 658 gold pieces at shops.

Inventory:

Hand Weapons
 P - the +8 lance "Wyrmbane" (weapon) {slay drac, rPois rF+ rC+ AC+3}
   (You found it on level 3 of the Shoals)

   It inflicts extra damage against dragons and draconians.
   AC:        It affects your AC (+3).
   rF:        It protects you from fire.
   rC:        It protects you from cold.
   rPois:     It protects you from poison.
 X - the +2 mace of the Scorpion {vorpal, rF+ rCorr Str-3 Int+3}
   (You found it on level 4 of the Lair of Beasts)

   It inflicts extra damage upon your enemies.
   Str:       It affects your strength (-3).
   Int:       It affects your intelligence (+3).
   rF:        It protects you from fire.
   rCorr:     It protects you from acid and corrosion.
Missiles
 e - 7 throwing nets
Armour
 i - a +0 pair of boots (worn)
 n - a +1 hat of intelligence (worn)
 s - the +1 robe of Curiosity (worn) {rElec rC+ Int+2}
   (You found it on level 6 of the Dungeon)

   Int:       It affects your intelligence (+2).
   rC:        It protects you from cold.
   rElec:     It insulates you from electricity.
 v - a +0 pair of gloves (worn)
 y - a +2 cloak (worn)
 H - a +0 buckler (worn)
Jewellery
 x - a +4 ring of protection (right hand)
 A - a ring of protection from fire
 B - a ring of willpower
 J - a ring of protection from fire
 R - a ring of positive energy
 S - a +6 ring of intelligence (left hand)
 Z - a ring of willpower
Wands
 l - a wand of paralysis (23)
 p - a wand of iceblast (23)
 r - a wand of flame (12)
 t - a wand of acid (15)
 C - a wand of digging (12)
 N - a wand of mindburst (3)
 W - a wand of polymorph (9)
Scrolls
 c - 6 scrolls of fear
 g - 15 scrolls of teleportation
 j - 2 scrolls of immolation
 m - 5 scrolls of amnesia
 o - 3 scrolls of blinking
 D - 3 scrolls of identify
 E - a scroll of holy word
 G - 2 scrolls of enchant weapon
 Q - a scroll of fog
 V - a scroll of enchant armour
Potions
 a - 2 potions of mutation
 b - 3 potions of ambrosia
 d - 7 potions of attraction
 f - 2 potions of brilliance
 h - 3 potions of cancellation
 k - 3 potions of lignification
 q - 7 potions of might
 u - a potion of haste
 w - 2 potions of resistance
 z - a potion of heal wounds
 K - 2 potions of flight
 L - 12 potions of curing
 O - a potion of berserk rage
 U - 4 potions of invisibility
Miscellaneous
 M - a phantom mirror


   Skills:
 + Level 12.0 Fighting
 - Level 10.0 Dodging
 - Level 4.0 Stealth
 - Level 5.0 Shields
 - Level 20.6 Spellcasting
 - Level 7.0 Conjurations
 - Level 2.0 Translocations
 + Level 21.5 Ice Magic
 - Level 2.0 Air Magic
 - Level 2.0 Poison Magic
 - Level 7.7 Evocations


You had 32 spell levels left.
You knew the following spells:

 Your Spells              Type           Power      Damage    Failure   Level
a - Magic Dart            Conj           100%       1d8       1%          1
b - Searing Ray           Conj           100%       2d8       1%          2
c - Mephitic Cloud        Conj/Pois/Air  62%        N/A       1%          3
d - Frozen Ramparts       Ice            100%       1d12      0%          3
e - Iskenderun's Mystic   Conj/Tloc      66%        2d14      1%          4
f - Hailstorm             Conj/Ice       100%       3d20      1%          4
g - Ozocubu's Refrigerat  Ice            59%        4d16      1%          7

Your spell library contained the following spells:

 Spells                   Type           Power      Damage    Failure   Level
 Freeze                   Ice            100%       1d11      0%          1
 Ozocubu's Armour         Ice            100%       N/A       0%          3
 Pain                     Necr           100%       1d9       1%          1
 Sting                    Tmut/Pois      100%       1d8       1%          1
 Call Imp                 Summ           40%        N/A       1%          2
 Static Discharge         Conj/Air       66%        N/A       1%          2
 Dazzling Flash           Conj/Hex       100%       N/A       1%          3
 Ignite Poison            Fire/Tmut/Pois 45%        N/A       1%          3
 Portal Projectile        Hex/Tloc       94%        N/A       1%          3
 Fulminant Prism          Conj/Hex       30%        3d16      1%          4
 Sticky Flame             Conj/Fire      61%        2d8       1%          4
 Summon Ice Beast         Ice/Summ       90%        N/A       1%          4
 Freezing Cloud           Conj/Ice/Air   44%        6-21      1%          5
 Animate Dead             Necr           20%        N/A       9%          4
 Cause Fear               Hex            20%        N/A       9%          4
 Dispel Undead            Necr           40%        3d16      9%          4
 Silence                  Hex/Air        23%        N/A       16%         5
 Agony                    Necr           40%        N/A       22%         5
 Blade Hands              Tmut           20%        N/A       22%         5
 Excruciating Wounds      Necr           20%        N/A       22%         5
 Summon Mana Viper        Hex/Summ       40%        N/A       22%         5
 Statue Form              Tmut/Erth      26%        N/A       77%         6
 Dragon Form              Tmut           20%        N/A       100%        7
 Haunt                    Necr/Summ      20%        N/A       100%        7
 Monstrous Menagerie      Summ           20%        N/A       100%        7
 Infestation              Necr           20%        N/A       100%        8
 Lehudib's Crystal Spear  Conj/Erth      30%        10d8      100%        8
 Chain Lightning          Conj/Air       33%        3d44      100%        9
 Dragon's Call            Summ           20%        N/A       100%        9
 Fire Storm               Conj/Fire      30%        8d8       100%        9
 Shatter                  Erth           20%        3d18*     100%        9


Dungeon Overview and Level Annotations

Branches:
Dungeon (14/15)            Temple (1/1) D:6            Lair (6/6) D:9
 Shoals (3/4) Lair:3        Snake (2/4) Lair:3        Slime (0/5) Lair:6
    Orc (2/2) D:9             Elf (0/3) Orc:2        Vaults (0/5) D:13

Altars:
Ashenzari
Cheibriados
Dithmenos
Elyvilon
Fedhas
Gozag
Hepliaklqana
Kikubaaqudgha
Makhleb
Nemelex Xobeh
Okawaru
Qazlal
Ru
Sif Muna
Trog
Uskayaw
Vehumet
Wu Jian
Xom
Yredelemnul
Zin
The Shining One
Beogh
Jiyva

Shops:
D:4 (   D:7 ?   D:11 ?   D:12 *   D:14 :   Orc:2 ?*(   Snake:2 (![!

Annotations:
D:4 3 runed translucent doors, Ablot's ghost, amateur GnWr
D:8 4 runed translucent doors
Lair:1 1 runed translucent door, Tinylith's ghost, journeyman OpBe
Lair:4 exclusion: 2 oklob plants
Snake:2 Vashnia


Message History

Vashnia blinks!
Casting: Hailstorm (safe; 1% risk of failure)
Confirm with . or Enter, or press ? or * to list all spells.
Casting: Hailstorm (safe; 1% risk of failure)
Press: ? - help, Dir - look around, f - activate A cannonade of hail descends around you!
The hail pelts Vashnia!
Vashnia partially resists.
Vashnia is moderately wounded.
Servius completely misses Vashnia.
Vashnia resists.
The wall freezes Vashnia.
Vashnia shoots a bolt.
The bolt hits Servius!!
The bolt burns Servius.
Unknown command.
Aiming: Corrosive Bolt
Press: ? - help, Shift-Dir - straight line, f - Vashnia
Aim: Vashnia, wielding a +1 arbalest of flaming, wearing a +1 barding of cold resistance and quivering bolts (moderately wounded, ally target, 51% to hit)
The bolt of acid hits Vashnia!
The acid corrodes Vashnia!
Vashnia is moderately wounded.
Servius hits Vashnia with a +0 broad axe of flaming!
Servius burns Vashnia!
Vashnia resists.
The wall freezes Vashnia.
Vashnia shoots a bolt.
The bolt hits Servius!!
The bolt burns Servius.
Servius is destroyed!
Aiming: Corrosive Bolt
Press: ? - help, Shift-Dir - straight line, f/p - Vashnia
Aim: Vashnia, wielding a +1 arbalest of flaming, wearing a +1 barding of cold resistance and quivering bolts (heavily wounded, covered in acid, 51% to hit)
The bolt of acid hits Vashnia!!
Vashnia seems to be corroded for longer.
Vashnia is heavily wounded.
Vashnia resists.
The wall freezes Vashnia.
Aiming: Corrosive Bolt
Press: ? - help, Shift-Dir - straight line, f/p - Vashnia
Aim: Vashnia, wielding a +1 arbalest of flaming, wearing a +1 barding of cold resistance and quivering bolts (severely wounded, covered in acid, 51% to hit)
The bolt of acid misses Vashnia.
The frozen ramparts melt away.
Vashnia says, "You'll make a fine pincushion."
Vashnia shoots a bolt.
The bolt hits you!! The bolt burns you.
Aiming: Corrosive Bolt
Press: ? - help, Shift-Dir - straight line, f/p - Vashnia
Aim: Vashnia, wielding a +1 arbalest of flaming, wearing a +1 barding of cold resistance and quivering bolts (severely wounded, covered in acid, 51% to hit)
The bolt of acid misses Vashnia.
Vashnia shoots a bolt.
The bolt hits you!!
* * * LOW HITPOINT WARNING * * *
The bolt burns you!
You die...

##.............####...♣
#.............## ##..♣ ≈≈ #
##............## ##...♣ ≈≈≈
###...#.........# #...##≈≈≈≈≈≈≈
....<...(.[..)..#####..###≈P≈≈≈≈≈
..###.......(.........## #≈≈≈≈≈≈≈
.## ###.......#..)..R.# #≈≈≈≈≈≈≈
## ##..#####)N####.## #≈≈≈≈..≈ #
##.## #..)@# #..###≈..≈... # #..#
#.#..# ##.#[........ #.#####.#).#
#.....R..... #....##.##.#
##.....#..... #....#...#.#
#...#....(...
#############.########.###.......
...#.......#...#.......# ###.(...
.....###.....∩.....##### ####....
#......###.#...#.### ##....[..


You could see Vashnia (corroded).

Vanquished Creatures
  Nikola (Shoals:1)
  Jorgrun (Orc:1)
  Gastronok (Lair:3)
  Kirke (Shoals:1)
  2 merfolk impalers
  Fannar (Lair:3)
  Erolcha (Orc:1)
  3 boulder beetles
  5 vault guards (D:13)
  11 hydras
  7 naga warriors
  An ogre mage (Orc:1)
  7 centaur warriors
  2 anacondas
  A merfolk avatar (Shoals:3)
  A merfolk aquamancer (Shoals:2)
  5 two-headed ogres
  A deep troll shaman (Lair:6)
  7 death yaks
  A satyr (Shoals:2)
  10 naga sharpshooters
  A tengu warrior (D:14)
  Urug (Orc:2)
  3 shock serpents (Snake:2)
  An orc high priest (Orc:2)
  4 naga ritualists
  5 sea snakes
  Pikel (D:5)
  7 harpies
  A lindwurm (Lair:6)
  A wizard (D:13)
  A deep elf pyromancer (D:14)
  A wolf spider (Lair:4)
  13 ugly things
  6 mana vipers
  9 orc sorcerers
  3 cyclopes
  15 manticores
  5 fauns
  3 salamanders
  A guardian serpent (Snake:2)
  6 merfolk sirens
  7 naga magi
  19 black mambas
  Maurice (D:10)
  6 elephants
  5 water nymphs
  8 cane toads
  An efreet (D:14)
  A rime drake (Lair:6)
  Psyche (D:8)
  A gargoyle (D:13)
  5 komodo dragons
  A yaktaur (D:13)
  2 tengu conjurers
  2 trolls (Orc:2)
  A polar bear (Lair:3)
  A wind drake (Shoals:1)
  16 merfolk
  2 hornets (Orc:1)
  A blink frog (Lair:5)
  6 slime creatures (D:13)
  4 snapping turtles
  A centaur simulacrum (D:14)
  A wraith (D:12)
  4 water elementals (Shoals:2)
  2 hogs (Shoals:1)
  3 wyverns
  41 yaks
  5 basilisks
  2 vampire mosquitoes (D:13)
  32 nagas
  5 wargs (Orc:2)
  Menkaure (D:4)
  A floating eye (Orc:1)
  15 water moccasins
  17 orc warriors
  2 ice beasts
  A black bear (D:6)
  3 necrophages
  12 wolves
  4 ogres
  4 centaurs
  3 phantoms
  4 lemures (D:5)
  3 kobold brigands
  17 bullfrogs
  2 gnoll sergeants
  A water moccasin zombie (D:5)
  3 scorpions
  A wyvern skeleton (D:7)
  6 killer bees (D:9)
  A howler monkey (D:9)
  A centaur zombie (D:10)
  A bullfrog zombie (D:5)
  4 hounds
  12 orc priests
  5 jellies
  A centaur skeleton (D:7)
  2 iguanas
  23 orc wizards
  2 howler monkey zombies
  7 gnolls
  2 howler monkey skeletons (D:7)
  7 adders
  A white imp (D:8)
  An ufetubus (D:6)
  3 dart slugs
  86 orcs
  8 ball pythons
  6 bats
  7 endoplasms
  3 giant cockroaches
  8 hobgoblins
  2 jackals (D:2)
  24 kobolds
  4 quokkas
  3 frilled lizards
  4 goblins
  9 rats
  3 bushes (Lair:6)
685 creatures vanquished.

Vanquished Creatures (collateral kills)
  A merfolk impaler (Shoals:3)
  3 naga warriors (Snake:2)
  A hydra (Lair:5)
  A catoblepas (Lair:6)
  2 anacondas
  An ogre mage (Orc:1)
  A death yak (Lair:5)
  A naga sharpshooter (Snake:2)
  2 sea snakes
  A faun (Shoals:1)
  A mana viper (Snake:2)
  2 elephants (Lair:6)
  7 black mambas
  A naga mage (Snake:1)
  A torpor snail (Lair:4)
  An unseen horror (D:11)
  4 cane toads
  4 komodo dragons
  A merfolk (Shoals:2)
  2 polar bears (Lair:6)
  A troll (D:13)
  A hornet (Orc:1)
  2 blink frogs (Lair:5)
  A shadow (D:11)
  A water elemental (Shoals:2)
  2 wraiths (D:13)
  12 yaks
  A wyvern (Lair:6)
  A basilisk (Lair:6)
  4 wargs
  A naga (Snake:1)
  6 water moccasins
  A black bear (Lair:6)
  4 orc warriors
  3 ogres (Orc:2)
  3 wolves
  2 bullfrogs
  A howler monkey (D:10)
  9 orc wizards
  9 orcs
103 creatures vanquished.

Vanquished Creatures (others)
  A human (Shoals:1)
  4 knights
  6 ancestors
  An orc (Orc:2)
  48 fungi
  214 plants
274 creatures vanquished.

Grand Total: 1062 creatures vanquished

Notes
Turn   | Place    | Note
-------+----------+-------------------------------------------
     0 | D:1      | nihil000 the Deep Elf Conjurer began the quest for the Orb.
     0 | D:1      | Reached XP level 1. HP: 10/10 MP: 6/6
   231 | D:1      | Reached XP level 2. HP: 15/15 MP: 4/8
   316 | D:1      | Learned a level 2 spell: Searing Ray
  1274 | D:2      | Reached XP level 3. HP: 19/19 MP: 8/10
  1496 | D:2      | Reached skill level 5 in Conjurations
  1900 | D:2      | Reached XP level 4. HP: 24/24 MP: 8/12
  2062 | D:2      | Found a faded altar of an unknown god.
  2523 | D:3      | Noticed a bullfrog
  2529 | D:3      | Killed a bullfrog
  2530 | D:3      | Reached XP level 5. HP: 25/28 MP: 5/14
  3371 | D:3      | Noticed a necrophage
  3375 | D:3      | Killed a necrophage
  3376 | D:3      | Reached skill level 1 in Fighting
  3376 | D:3      | Reached skill level 5 in Spellcasting
  4042 | D:3      | Reached XP level 6. HP: 14/34 MP: 7/15
  4697 | D:4      | Learned a level 3 spell: Mephitic Cloud
  4737 | D:4      | Noticed Menkaure
  4742 | D:4      | Killed Menkaure
  4743 | D:4      | Reached skill level 1 in Air Magic
  4743 | D:4      | Reached skill level 1 in Poison Magic
  5296 | D:4      | Found Aceeblu's Antique Weapon Boutique.
  5483 | D:4      | Reached XP level 7. HP: 40/40 MP: 10/16
  6393 | D:4      | Found a runed translucent gate.
  6394 | D:4      | Found a runed translucent gate.
  6396 | D:4      | Found a runed translucent gate.
  6397 | D:4      | Noticed Ablot's ghost (amateur GnWr)
  6397 | D:4      | Noticed a steam dragon
  6400 | D:4      | Noticed a steam dragon
  6995 | D:4      | You fall into a shaft and drop 2 floors!
  6995 | D:6      | Found a staircase to the Ecumenical Temple.
  6999 | Temple   | Entered the Ecumenical Temple
  7218 | D:6      | Identified the +1 robe of Curiosity {rElec rC+ Int+2}
  7745 | D:6      | HP: 2/41 [ufetubus (2)]
  8086 | D:5      | Entered Level 5 of the Dungeon
  8370 | D:5      | Reached XP level 8. HP: 27/48 MP: 10/17
  8779 | D:5      | Reached skill level 5 in Fighting
  8917 | D:5      | Learned a level 3 spell: Frozen Ramparts
  8945 | D:5      | Noticed Pikel
  8976 | D:5      | Killed Pikel
  8977 | D:5      | Reached skill level 3 in Ice Magic
  9437 | D:5      | Reached skill level 4 in Ice Magic
 11166 | D:6      | Reached skill level 5 in Ice Magic
 11166 | D:6      | Reached XP level 9. HP: 54/54 MP: 17/23
 11952 | D:6      | Reached skill level 6 in Ice Magic
 13007 | D:6      | Reached skill level 10 in Spellcasting
 14923 | D:7      | Found Ywapp's Magic Scroll Shop.
 14926 | D:7      | Bought a scroll of blinking for 90 gold pieces
 15795 | D:8      | Noticed a two-headed ogre
 15804 | D:8      | Killed a two-headed ogre
 15805 | D:8      | Reached skill level 5 in Dodging
 15805 | D:8      | Reached XP level 10. HP: 61/65 MP: 16/26
 16298 | D:8      | Noticed a two-headed ogre
 16309 | D:8      | Killed a two-headed ogre
 16672 | D:8      | Noticed Psyche
 16695 | D:8      | Killed Psyche
 16926 | D:8      | Found a huge runed translucent gate.
 16926 | D:8      | Found a huge runed translucent gate.
 16926 | D:8      | Noticed a manticore
 16927 | D:8      | Found a huge runed translucent gate.
 16968 | D:8      | Found a shimmering altar of Xom.
 17563 | D:8      | Found a huge runed translucent gate.
 17563 | D:8      | Noticed a manticore
 17940 | D:9      | Noticed a centaur warrior
 17947 | D:9      | Killed a centaur warrior
 17948 | D:9      | Reached skill level 10 in Fighting
 18532 | D:9      | Noticed a purple ugly thing
 18867 | D:9      | Reached XP level 11. HP: 33/76 MP: 1/27
 19223 | D:9      | Reached skill level 1 in Evocations
 19748 | D:9      | Killed a purple ugly thing
 20091 | D:9      | Found a staircase to the Lair.
 21367 | D:9      | Learned a level 4 spell: Iskenderun's Mystic Blast
 21373 | D:9      | Found a staircase to the Orcish Mines.
 21600 | D:9      | Found a hazy altar of Hepliaklqana.
 21601 | D:9      | Found a stormy altar of Qazlal.
 21601 | D:9      | Found a sparkling altar of Nemelex Xobeh.
 21608 | D:9      | Became a worshipper of Hepliaklqana the Forgotten
 21792 | Lair:1   | Entered Level 1 of the Lair of Beasts
 22278 | D:9      | Learned a level 4 spell: Hailstorm
 22284 | Lair:1   | Reached skill level 1 in Translocations
 22495 | Lair:1   | Found a runed translucent door.
 22496 | Lair:1   | Found a shimmering altar of Xom.
 22496 | Lair:1   | Noticed Tinylith's ghost (journeyman OpBe)
 22496 | Lair:1   | Noticed a +2 flail of chaos
 22897 | Lair:1   | Reached skill level 5 in Evocations
 23631 | Lair:1   | Reached * piety under Hepliaklqana
 23669 | Lair:1   | HP: 3/68 [cane toad (9)]
 23674 | Lair:1   | HP: 2/68 [poisoned by a cane toad]
 24445 | Lair:2   | Reached skill level 7 in Ice Magic
 25015 | Lair:2   | Noticed an eight-headed hydra
 25023 | Lair:2   | Killed an eight-headed hydra
 25501 | Lair:2   | Reached skill level 8 in Ice Magic
 26185 | Lair:2   | Noticed a seven-headed hydra
 26193 | Lair:2   | Killed a seven-headed hydra
 27205 | Lair:3   | Noticed Gastronok
 27243 | Lair:3   | Reached ** piety under Hepliaklqana
 27283 | Lair:3   | Learned a level 7 spell: Ozocubu's Refrigeration
 27503 | Lair:3   | Noticed a six-headed hydra
 27513 | Lair:3   | Killed a six-headed hydra
 27514 | Lair:3   | Reached skill level 9 in Ice Magic
 27514 | Lair:3   | Reached XP level 12. HP: 51/72 MP: 14/30
 28579 | Lair:3   | Noticed Fannar
 28585 | Lair:3   | Killed Gastronok
 28587 | Lair:3   | Killed Fannar
 29326 | Lair:3   | Found a staircase to the Snake Pit.
 29337 | Lair:3   | Reached skill level 10 in Ice Magic
 30223 | Lair:3   | Found a staircase to the Shoals.
 30458 | Lair:3   | Remembered your ancestor Servius as a knight
 30539 | Lair:4   | Noticed an eight-headed hydra
 30545 | Lair:4   | Killed an eight-headed hydra
 30871 | Lair:4   | Noticed a four-headed hydra
 30880 | Lair:4   | Killed a four-headed hydra
 31413 | Lair:4   | Reached skill level 11 in Ice Magic
 31658 | Lair:4   | Noticed a four-headed hydra
 31665 | Lair:4   | Killed a four-headed hydra
 32362 | Lair:4   | Found the +1 robe of Vines {NoPotionHeal Regen++++}
 32530 | Lair:4   | Noticed a five-headed hydra
 32534 | Lair:4   | Killed a five-headed hydra
 32762 | Lair:4   | Reached skill level 15 in Spellcasting
 33123 | Lair:4   | Identified the +2 mace of the Scorpion {vorpal, rF+ rCorr
                  | Str-3 Int+3}
 33130 | Lair:4   | Identified the +7 hunting sling of Instinct {venom, Str-3
                  | Int+7}
 33321 | Lair:4   | Noticed a four-headed hydra
 33327 | Lair:4   | Killed a four-headed hydra
 33328 | Lair:4   | Reached skill level 12 in Ice Magic
 33552 | Lair:4   | Reached XP level 13. HP: 77/77 MP: 23/34
 34369 | Lair:5   | Reached *** piety under Hepliaklqana
 35152 | Lair:5   | Reached skill level 13 in Ice Magic
 36198 | Lair:5   | Reached skill level 14 in Ice Magic
 37938 | D:10     | Entered Level 10 of the Dungeon
 38523 | D:10     | Reached skill level 15 in Ice Magic
 38727 | D:10     | Noticed Maurice
 38734 | D:10     | Killed Maurice
 40275 | D:11     | Found Ycvebeit's Magic Scroll Shoppe.
 40281 | D:11     | Bought a scroll of fear for 45 gold pieces
 40281 | D:11     | Bought a scroll of teleportation for 39 gold pieces
 41100 | D:11     | Reached **** piety under Hepliaklqana
 41600 | D:12     | Reached skill level 10 in Dodging
 42021 | D:12     | Reached skill level 1 in Shields
 43283 | D:12     | Found Dieschuxt's CLEARANCE SALE!.
 43857 | Orc:1    | Entered Level 1 of the Orcish Mines
 43858 | Orc:1    | Noticed Jorgrun
 43862 | Orc:1    | Killed Jorgrun
 44721 | Orc:1    | Noticed Erolcha
 44723 | Orc:1    | Killed Erolcha
 44908 | Orc:2    | Entered Level 2 of the Orcish Mines
 44919 | Orc:2    | Reached XP level 14. HP: 82/82 MP: 28/36
 46245 | Orc:2    | Noticed Urug
 46249 | Orc:2    | Killed Urug
 46994 | Orc:2    | Found Efupi's Armour Boutique.
 46994 | Orc:2    | Found Veym's Weapon Emporium.
 48376 | Orc:2    | Found Oliewor's Magic Scroll Boutique.
 48376 | Orc:2    | Found Xexu Nahu's General Store.
 48382 | Orc:2    | Bought a scroll of teleportation for 48 gold pieces
 48382 | Orc:2    | Bought a scroll of teleportation for 48 gold pieces
 49256 | Orc:2    | Found a staircase to the Elven Halls.
 50414 | Orc:1    | Reached skill level 5 in Shields
 56312 | D:13     | Found a gate to the Vaults.
 56906 | D:14     | Reached skill level 16 in Ice Magic
 58251 | D:14     | Found Asagg's Book Boutique.
 58863 | Snake:1  | Entered Level 1 of the Snake Pit
 58865 | Snake:1  | Reached XP level 15. HP: 69/86 MP: 32/40
 60508 | Lair:6   | Entered Level 6 of the Lair of Beasts
 61489 | Lair:6   | Found a viscous altar of Jiyva.
 61489 | Lair:6   | Found a staircase to the Slime Pits.
 61934 | Lair:6   | Reached skill level 17 in Ice Magic
 63940 | Lair:6   | Got Agirun's Reference Book on Damaging Moulding
 64373 | Shoals:1 | Entered Level 1 of the Shoals
 64562 | Shoals:1 | Noticed Nikola
 64569 | Shoals:1 | Killed Nikola
 65148 | Shoals:1 | Noticed a sphinx
 65151 | Shoals:1 | Killed Kirke
 66990 | Shoals:1 | Reached skill level 18 in Ice Magic
 68146 | Shoals:2 | Reached ***** piety under Hepliaklqana
 70186 | Shoals:2 | Reached XP level 16. HP: 90/90 MP: 23/42
 72360 | Shoals:3 | Reached skill level 19 in Ice Magic
 72492 | Shoals:3 | Found the +8 lance "Wyrmbane" {slay drac, rPois rF+ rC+
                  | AC+3}
 77303 | Snake:2  | Reached skill level 20 in Ice Magic
 78138 | Snake:2  | Found Jenat's Weapon Shop.
 78140 | Snake:2  | Found Mudenkig's Distillery.
 78143 | Snake:2  | Found Jusayf's Armour Shop.
 78148 | Snake:2  | Bought a potion of curing for 54 gold pieces
 78148 | Snake:2  | Bought a potion of curing for 54 gold pieces
 79966 | Snake:2  | Reached skill level 21 in Ice Magic
 80679 | Snake:2  | Found Foxoruri's Distillery.
 80693 | Snake:2  | Bought a potion of curing for 60 gold pieces
 80693 | Snake:2  | Bought a potion of curing for 60 gold pieces
 80693 | Snake:2  | Bought a potion of heal wounds for 100 gold pieces
 80693 | Snake:2  | Bought a potion of curing for 60 gold pieces
 80978 | Snake:2  | Noticed Vashnia
 83837 | Snake:2  | Shot with a bolt by Vashnia

Illustrated notes

Levels and vault maps discovered:
D:1:      psy_arrival_dodecagon, layout_rooms
D:2:      layout_rooms, chequers_ecumenical_altar_simple
D:3:      layout_basic
D:4:      layout_loops_ring, serial_shops, shop, gammafunk_ghost_split,
          uniq_menkaure
D:5:      layout_gridville, minmay_manual_macuahuitl, uniq_pikel
D:6:      layout_cave_pods, minmay_temple_entry_glass, grunt_ministairs_9,
          minmay_unpleasant_kobolds
D:7:      layout_basic, serial_shops, nicolae_shop_window_shopping
D:8:      lemuel_bear_cage, layout_basic, mainiacjoe_overflow_24_doors,
          uniq_psyche
D:9:      minmay_curly_fans, layout_basic,
          chequers_temple_overflow_statue_of_worship, lair_entry_dummy,
          david_orc_5
D:10:     layout_loops_ring, minivault_25, uniq_maurice
D:11:     layout_grid_maze, serial_shops, shop
D:12:     layout_roguey, nicolae_shop_clearance
D:13:     layout_stronghold, grunt_vaults_entry_fortified
D:14:     layout_rooms, serial_shops, kennysheep_mini
Temple:   hc_temple_tempest_star
Lair:1:   layout_regular_city, ebering_ghost_xom, grunt_megastairs_2,
          serial_bayou_shore_b
Lair:2:   layout_loops_ring, grunt_megastairs_4
Lair:3:   layout_regular_city, elwin_shoals_entry_rooms,
          guppyfry_snake_entry_garden, uniq_fannar, uniq_gastronok
Lair:4:   nzn_winding_woodlands_cross [nzn_winding_woodlands_5x15_default,
          nzn_winding_woodlands_5x15_pockets,
          nzn_winding_woodlands_5x15_crooked,
          nzn_winding_woodlands_5x15_sawtooth,
          nzn_winding_woodlands_15x15_five_gardens], layout_gridlike,
          hellmonk_guarded_unrand_vines, lemuel_fruit_tree
Lair:5:   layout_roguey
Lair:6:   grunt_lair_end_beastmaster, layout_loops_ring, slime_altar_1,
          minmay_hedge_maze, st_stairs_12, eino_small_chamber_without_monster
Shoals:1: layout_shoals, uniq_nikola, uniq_kirke
Shoals:2: layout_shoals
Shoals:3: layout_shoals, nicolae_shoals_hidden_pirate_stash
Snake:1:  layout_misc_corridors
Snake:2:  layout_layer_cave, serial_shops, shop_statue, special_room,
          minmay_shop_star, serial_bayou_shore_a, serial_bayou_shore_b,
          uniq_vashnia
Orc:1:    hellmonk_paralyzer, layout_caves, uniq_erolcha, uniq_jorgrun
Orc:2:    st_orc_town, layout_diamond_mine, uniq_urug

Skill      XL: |  1  2  3  4  5  6  7  8  9 10 11 12 13 14 15 16 |
---------------+-------------------------------------------------+-----
Stealth        | 3 4 |  4.0
Spellcasting   | 4 5 8 10 12 15 16 19 20 | 20.6
Conjurations   | 5 6 7 |  7.0
Fighting       | 1 2 4 5 8 11 12 | 12.0
Air Magic      | 2 |  2.0
Poison Magic   | 2 |  2.0
Ice Magic      | 5 6 9 12 15 16 18 21 | 21.5
Dodging        | 5 9 10 | 10.0
Evocations     | 5 7 |  7.7
Translocations | 2 |  2.0
Shields        | 2 5 |  5.0

Action                   |  1- 3 |  4- 6 |  7- 9 | 10-12 | 13-15 | 16-18 || total
-------------------------+-------+-------+-------+-------+-------+-------++-------
Melee: Dagger            |       |       |       |     2 |       |       ||     2
       Mace              |       |       |       |       |    36 |       ||    36
       Lance             |       |       |       |       |       |     1 ||     1
 Cast: Magic Dart        |    62 |    54 |    82 |    98 |    97 |       ||   393
       Searing Ray       |     4 |    15 |    54 |    89 |    48 |     9 ||   219
       Frozen Ramparts   |       |       |     7 |    30 |    36 |     5 ||    78
       Iskenderun's Myst |       |       |       |    32 |    39 |    20 ||    91
       Hailstorm         |       |       |       |    30 |    87 |    47 ||   164
       Mephitic Cloud    |       |       |       |     1 |       |       ||     1
       Ozocubu's Refrige |       |       |       |       |   144 |    74 ||   218
Invok: Ancestor Life: Kn |       |       |       |     1 |       |       ||     1
Evoke: Wand              |       |       |     2 |     9 |     2 |     4 ||    17
  Use: Scroll            |       |     4 |     7 |     4 |    13 |     4 ||    32
       Potion            |       |       |     3 |     5 |       |     2 ||    10
Armor: Robe              |     5 |     1 |    30 |    43 |    46 |    31 ||   156
Dodge: Dodged            |    12 |    10 |    79 |   183 |   146 |    50 ||   480
Block: Buckler           |       |       |       |       |    29 |    17 ||    46
